 Dungeon Crawl Stone Soup version 0.21-a0-2-ge494091 (webtiles) character file.

217 Chiseanne the Skirmisher (level 5, -7/48 HPs)
             Began as a Minotaur Monk on May 22, 2017.
             Killed from afar by an electric eel (13 damage)
             ... with a bolt of electricity
             ... on level 6 of the Dungeon.
             The game lasted 00:03:31 (1892 turns).

Chiseanne the Skirmisher (Minotaur Monk)            Turns: 1892, Time: 00:03:32

Health: -7/48      AC: 11    Str: 15    XL:     5   Next: 62%
Magic:  4/4        EV: 11    Int: 12    God:
Gold:   149        SH:  0    Dex: 14    Spells: 4/4 levels left

rFire    . . .     SeeInvis .   a - +0 falchion
rCold    . . .     Gourm    .   (no shield)
rNeg     . . .     Faith    +   f - +0 scale mail
rPois    .         Spirit   .   (helmet restricted)
rElec    .         Reflect  .   (no cloak)
rCorr    .         Harm     .   y - +2 pair of gloves
MR       .....                  p - +0 pair of boots
Stlth    ..........             q - amulet of faith
Regen    0.2/turn               j - +5 ring of intelligence
MPRegen  0.1/turn               (no ring)

@: no status effects
A: retaliatory headbutt, horns 2
a: no special abilities


You were on level 6 of the Dungeon.
You were not hungry.

You visited 1 branch of the dungeon, and saw 4 of its levels.

You collected 149 gold pieces.

Inventory:

Hand Weapons
 a - a +0 falchion (weapon)
 C - a +0 blowgun
Missiles
 e - 156 stones (quivered)
 i - 2 javelins
 s - 36 arrows
 x - 21 sling bullets
 B - 6 poisoned needles
Armour
 f - a +0 scale mail (worn)
 p - a +0 pair of boots (worn)
 y - a +2 pair of gloves (worn)
Jewellery
 j - a +5 ring of intelligence (left hand)
 q - an amulet of faith (around neck)
 v - an uncursed ring of fire {unknown}
 E - an uncursed ring of poison resistance {unknown}
Wands
 m - a wand of iceblast (13/15)
 w - a wand of flame (3/48)
Scrolls
 l - 3 scrolls of remove curse
 r - a scroll of enchant armour {unknown}
 t - a scroll of magic mapping {unknown}
 F - a scroll of identify
Potions
 b - 2 potions of heal wounds {unknown}
 g - a potion of haste {unknown}
 h - a potion of resistance {unknown}
 k - a potion of curing {unknown}
 n - a potion of brilliance {unknown}
 u - a potion of cancellation {unknown}
 z - a potion of invisibility {unknown}
 A - a potion of experience {unknown}
 D - a potion of agility {unknown}
Comestibles
 c - 4 bread rations
 d - a meat ration
 o - 5 chunks of flesh


   Skills:
 * Level 5.0 Fighting
 * Level 4.7 Long Blades
 * Level 2.8 Armour
 * Level 4.7 Dodging
 - Level 1.5 Stealth


You had 4 spell levels left.
You didn't know any spells.

Dungeon Overview and Level Annotations

Branches:
Dungeon (3/15)

Altars:
Qazlal


Innate Abilities, Weirdness & Mutations

You reflexively headbutt those who attack you in melee.
You have a pair of horns on your head.


Message History

2 electric eels and 2 dart slugs come into view.
An orc comes into view. It is wielding a club.
The electric eel shoots out a bolt of lightning at you!
The bolt of electricity hits you!
You hit the dart slug.
The dart slug is severely wounded.
The electric eel shoots out a bolt of lightning at you!
The bolt of electricity hits you! The dart slug barely misses you.
The orc wizard gestures at you while chanting.
The magic dart hits you!
The electric eel shoots out a bolt of lightning at you!
The bolt of electricity hits you!
* * * LOW HITPOINT WARNING * * *
The dart slug launches a dart at you. The slug dart misses you.
The electric eel shoots out a bolt of lightning at you!
The bolt of electricity hits the dart slug.
The dart slug dies!
The bolt of electricity hits you!
You die...

#.....# # ## #.....#
..# ≈. #. +.....+ /..
≈≈w ##. ##.....# ..
≈;#.. #......# .. ≈
... #......# .#
≈≈≈≈##.##.....###.#
≈.≈≈≈≈............###
≈≈.o≈≈.##@..........#
..o≈≈.. #...........#
≈..≈≈≈# #...........#
≈≈;≈≈≈ #...........#
≈≈≈≈≈...............#
≈≈≈≈...#######......#
≈≈≈≈#. #........ #
#......... #.........


You could see an electric eel and a dart slug.

Vanquished Creatures
  An orc wizard (D:3)
  Jessica (D:2)
  2 worker ants
  4 adders
  2 oozes (D:3)
  2 worms
  3 dart slugs
  3 leopard geckos
  2 orcs (D:3)
  3 bats
  7 goblins
  6 hobgoblins
  10 kobolds
  A quokka (D:2)
  A ball python (D:1)
  6 frilled lizards
  A leopard gecko zombie (D:3)
  3 rats
58 creatures vanquished.

Vanquished Creatures (others)
  A dart slug (D:6)
1 creature vanquished.

Grand Total: 59 creatures vanquished

Notes
Turn   | Place    | Note
-------+----------+-------------------------------------------
     0 | D:1      | Chiseanne the Minotaur Monk began the quest for the Orb.
     0 | D:1      | Reached XP level 1. HP: 19/19 MP: 0/0
   221 | D:1      | Reached XP level 2. HP: 24/27 MP: 1/1
   437 | D:1      | Reached skill level 4 in Fighting
   549 | D:1      | Reached skill level 1 in Armour
   601 | D:1      | Reached XP level 3. HP: 33/33 MP: 2/2
   858 | D:2      | Noticed Jessica
   876 | D:2      | Killed Jessica
   876 | D:2      | Reached XP level 4. HP: 41/41 MP: 3/3
  1011 | D:2      | Found a stormy altar of Qazlal.
  1739 | D:3      | Reached XP level 5. HP: 47/47 MP: 4/4
  1841 | D:3      | You fall through a shaft for 3 floors!
  1874 | D:6      | Reached skill level 5 in Fighting
  1892 | D:6      | Killed from afar by an electric eel

Vault maps used:
D:1:      dpeg_arrival_short_road, minmay_small_reverse_x
D:2:      nicolae_qazlal_eye_of_the_storm, uniq_jessica
D:3:      first_bread, dk_noncrumbling_3, uniq_sigmund, uniq_robin
D:6:      kennysheep_slugbush

Skill      XL: |  1  2  3  4  5 |
---------------+----------------+-----
Fighting       | 4 5 |  5.0
Long Blades    | 4 |  4.7
Armour         | 1 2 |  2.8
Dodging        | 4 |  4.7
Stealth        | |  1.5

Action                   |  1- 3 |  4- 6 || total
-------------------------+-------+-------++-------
Melee: Falchion          |    65 |    67 ||   132
       Headbutt          |     9 |    15 ||    24
  Use: Scroll            |     5 |       ||     5
  Eat: Chunk             |       |     3 ||     3
Armor: Scale mail        |    37 |    24 ||    61
Dodge: Dodged            |    38 |    37 ||    75
       Rpst.: Falchion   |     8 |     9 ||    17
